 Dungeon Crawl Stone Soup version 0.31.0-11-ge490571c62 (webtiles) character file.

Game seed: 15827242155761278625

1873 Arctor the Magician (level 8, -6/41 HPs)
             Began as a Deep Elf Fire Elementalist on Feb 4, 2024.
             Was an Initiate of the Shining One.
             Mangled by Curundu's ghost (8 damage)
             ... on level 6 of the Dungeon.
             The game lasted 00:11:45 (8193 turns).

Arctor the Magician (Deep Elf Fire Elementalist)    Turns: 8193, Time: 00:11:46

Health: -6/41      AC:  5    Str:  5    XL:     8   Next: 91%
Magic:  4/26       EV: 15    Int: 23    God:    the Shining One [......]
Gold:   297        SH:  0    Dex: 15    Spells: 10/21 levels left

rFire   + . .        q - +2 dagger (venom)
rCold   x . .        (no shield)
rNeg    . . .        a - +0 robe
rPois   .            u - +1 helmet
rElec   .            (no cloak)
rCorr   +            e - +0 pair of gloves
SInv    .            (no boots)
Will    .....        A
                       - Hermit's Pendant {Faith Invo=14 Evo=0 MP+5}
Stlth   +            n - ring of resist corrosion
HPRegen 0.26/turn    z - ring of fire
MPRegen 0.20/turn

%: faith
@: confused, hasted, glowing, very quick
A: screaming 1, inability to read after injury 1
a: Renounce Religion


You were on level 6 of the Dungeon.
You worshipped the Shining One.
The Shining One was noncommittal.
You visited 2 branches of the dungeon, and saw 7 of its levels.

You collected 297 gold pieces.

Inventory:

Hand Weapons
 p - a +2 vampiric trident
 q - a +2 dagger of venom (weapon)
 x - a +1 spear of venom
Missiles
 f - 6 silver javelins
 g - 17 poisoned darts
Armour
 a - a +0 robe (worn)
 e - a +0 pair of gloves (worn)
 i - an orb of guile
 u - a +1 helmet (worn)
Jewellery
 n - a ring of resist corrosion (left hand)
 r - a ring of protection from fire
 s - an amulet of regeneration
 y - a ring of flight
 z - a ring of fire (right hand)
 A - the Hermit's Pendant (around neck) {Faith Invo=14 Evo=0 MP+5}
   (You found it on level 6 of the Dungeon)

   [amulet of faith]

   Invo=14: It sets your Invocations skill to 14.
   Evo=0: It sets your Evocations skill to 0.
   Faith:     It allows you to gain divine favour quickly.
   MP+5:      It affects your magic capacity (+5).
Wands
 k - a wand of flame (19)
Scrolls
 d - a scroll of amnesia
 j - 2 scrolls of enchant weapon
 l - a scroll of teleportation {unknown}
 o - a scroll of revelation {unknown}
Potions
 b - a potion of magic
 h - 2 potions of attraction
 w - 3 potions of enlightenment


   Skills:
 + Level 6.6 Dodging
 + Level 7.1 Stealth
 + Level 7.3 Spellcasting
 + Level 5.6 Conjurations
 + Level 6.5 Fire Magic


You had 10 spell levels left.
You knew the following spells:

 Your Spells              Type           Power      Damage    Failure   Level
a - Foxfire               Conj/Fire      100%       2x1d9     1%          1
b - Scorch                Fire           100%       2d9       1%          2
c - Flame Wave            Conj/Fire      53%        2d13      6%          4
d - Fulminant Prism       Conj/Alch      10%        3d9       22%         4

Your spell library contained the following spells:

 Spells                   Type           Power      Damage    Failure   Level
 Magic Dart               Conj           100%       1d8       1%          1
 Searing Ray              Conj           68%        2d6       1%          2
 Inner Flame              Hex/Fire       35%        N/A       6%          3
 Volatile Blastmotes      Fire/Tloc      70%        2d15      6%          3


Dungeon Overview and Level Annotations

Branches:
Dungeon (6/15)             Temple (1/1) D:6

Altars:
Dithmenos
Fedhas
Gozag
Kikubaaqudgha
Okawaru
Qazlal
Trog
Vehumet
Wu Jian
Xom
Yredelemnul
Zin
The Shining One

Annotations:
D:6 Curundu's ghost, novice MiBe


Innate Abilities, Weirdness & Mutations

You occasionally shout uncontrollably at your foes.
You occasionally lose the ability to read scrolls when taking damage.


Message History

You feel much better.
You feel sick.
You are no longer poisoned.
Curundu's ghost is no longer more vulnerable to fire.
Curundu's ghost barely misses you.
Casting: Scorch (safe; 1% risk of failure)
Confirm with . or Enter, or press ? or * to list all spells.
You feel a surge of power!
Flames lash Curundu's ghost.
Curundu's ghost is moderately damaged.
Curundu's ghost's fire resistance burns away.
Curundu's ghost misses you.
Casting: Scorch (safe; 1% risk of failure)
Confirm with . or Enter, or press ? or * to list all spells.
You feel a surge of power!
Flames lash Curundu's ghost.
Curundu's ghost is moderately damaged.
Curundu's ghost hits you!
Casting: Scorch (safe; 1% risk of failure)
Confirm with . or Enter, or press ? or * to list all spells.
You feel a surge of power!
Flames lash Curundu's ghost.
Curundu's ghost is burned terribly!
Curundu's ghost is heavily damaged.
Curundu's ghost hits you!
Casting: Scorch (safe; 1% risk of failure)
Confirm with . or Enter, or press ? or * to list all spells.
You feel a surge of power!
Flames lash Curundu's ghost.
Curundu's ghost is burned terribly!
Curundu's ghost is heavily damaged.
Curundu's ghost shrieks, "What do you have that I didn't have?"
Curundu's ghost hits you!
* * * LOW HITPOINT WARNING * * *
Okay, then.
Okay, then.
You feel yourself speed up. Curundu's ghost closely misses you.
Your magical contamination has completely faded away.
Vehumet rains destruction down upon you!
The puff of flame hits you. You resist.
* * * LOW HITPOINT WARNING * * *
The divine experience confuses you!
You are confused.
You bump into the rock wall.
You bump into the rock wall.
Curundu's ghost hits you!
You die...

#>##..# #.#######.##..###
#.##.## #.# #.##.....
#.##.######.#######.###.###
#.##.##..ยง..............###
#.##.#.#.##.........#.#...#
#.##..###.#.>....##........
#.##.## ##..####.#..##...#.
#...## ##W# #.#.######..
####.## ##@#####..^.####..#
##.###..[.))....)......#
#..#..#########.#...>..
#.#.#.# #..#..... #.#.#.#
##.##.##. #.#.#.# ##.#####
#.#.#.# ##.###. #.#.#.#
##.... #.#.#.# ##### #####


You could see Curundu's ghost (combustible).

Vanquished Creatures
  A kobold demonologist (D:6)
  A wraith (D:6)
  A steam dragon (D:6)
  An ice beast (D:5)
  An ogre (D:5)
  5 kobold brigands
  2 scorpions
  A bullfrog (D:6)
  2 bombardier beetles
  A howler monkey (D:6)
  2 hounds
  3 jellies
  An orc priest (D:6)
  An iguana (D:4)
  4 orc wizards
  9 adders
  2 shadow imps
  2 ufetubi (D:6)
  3 ribbon worms (D:3)
  4 dart slugs
  15 orcs
  5 endoplasms
  7 goblins
  8 hobgoblins
  2 quokkas
  5 ball pythons
  5 bats
  2 frilled lizards
  13 kobolds
  5 rats
114 creatures vanquished.

Vanquished Creatures (collateral kills)
  A foxfire (D:6)
1 creature vanquished.

Vanquished Creatures (others)
  627 foxfires
627 creatures vanquished.

Grand Total: 742 creatures vanquished

Notes
Turn   | Place    | Note
-------+----------+-------------------------------------------
     0 | D:1      | Arctor the Deep Elf Fire Elementalist began the quest for
                  | the Orb.
     0 | D:1      | Reached XP level 1. HP: 10/10 MP: 6/6
   391 | D:1      | Reached XP level 2. HP: 15/15 MP: 5/8
   420 | D:1      | Learned a level 2 spell: Scorch
   633 | D:1      | Found a faded altar of an unknown god.
  1366 | D:2      | Reached XP level 3. HP: 9/19 MP: 3/9
  1560 | D:2      | Found a stormy altar of Qazlal.
  2336 | D:3      | Reached XP level 4. HP: 24/24 MP: 7/11
  2753 | D:3      | Found a shimmering altar of Xom.
  4112 | D:4      | Reached XP level 5. HP: 28/28 MP: 6/13
  4369 | D:4      | Found an ornate altar of the Wu Jian Council.
  4377 | D:4      | Found a shadowy altar of Dithmenos.
  4752 | D:5      | Entered Level 5 of the Dungeon
  5013 | D:5      | Reached XP level 6. HP: 32/32 MP: 10/14
  5157 | D:5      | Found a glowing silver altar of Zin.
  5373 | D:5      | Reached skill level 5 in Spellcasting
  5602 | D:6      | Reached XP level 7. HP: 34/36 MP: 10/16
  5671 | D:6      | Reached skill level 5 in Stealth
  5728 | D:6      | Found a runed translucent gate.
  5792 | D:6      | Found a staircase to the Ecumenical Temple.
  5869 | Temple   | Entered the Ecumenical Temple
  5884 | Temple   | Became a worshipper of Vehumet
  5926 | D:6      | Reached skill level 5 in Fire Magic
  6050 | D:6      | Found a runed translucent gate.
  6051 | D:6      | Found a runed translucent gate.
  6053 | D:6      | Noticed a kobold demonologist
  6053 | D:6      | Noticed Curundu's ghost (novice MiBe)
  6300 | D:6      | Noticed a steam dragon
  6307 | D:6      | Killed a steam dragon
  6308 | D:6      | Reached skill level 5 in Dodging
  6605 | D:6      | Noticed a wraith
  6624 | D:6      | Killed a wraith
  6625 | D:6      | Reached XP level 8. HP: 9/41 MP: 0/19
  6730 | D:6      | Found the Hermit's Pendant {Faith Invo=14 Evo=0 MP+5}
  6831 | D:6      | Learned a level 4 spell: Flame Wave
  6930 | Temple   | Fell from the grace of Vehumet
  6930 | Temple   | Became a worshipper of the Shining One
  7314 | D:6      | Noticed a sun demon
  7325 | D:6      | Noticed a red devil
  7325 | D:6      | Killed a kobold demonologist
  7326 | D:6      | Reached skill level 5 in Conjurations
  7338 | D:6      | Gained mutation: You occasionally lose the ability to read
                  | scrolls when taking damage. [potion of mutation]
  7338 | D:6      | Gained mutation: You occasionally shout uncontrollably at
                  | your foes. [potion of mutation]
  7736 | D:5      | Learned a level 4 spell: Fulminant Prism
  8191 | D:6      | HP: 2/41 [divine wrath (2)]
  8193 | D:6      | Mangled by Curundu's ghost

Illustrated notes

Levels and vault maps discovered:
D:1:      mushboom_english_gardens, layout_basic,
          hellmonk_ecumenical_altar_run_dry, minmay_3d_cube
D:2:      layout_basic, basic_altar, minmay_distorted
D:3:      layout_basic, mainiacjoe_overflow_catwalk, corner_web_ring
D:4:      layout_basic, mainiacjoe_overflow_big_doors
D:5:      cheibrodos_thug_alley, layout_gridville, lemuel_round_altar
D:6:      layout_loops_ring, minmay_temple_entry_wispy,
          gammafunk_ghost_nasty_kobolds, sigmund_army
Temple:   hellmonk_temple_beads

Skill      XL: |  1  2  3  4  5  6  7  8 |
---------------+-------------------------+-----
Stealth        | 3 4 6 7 |  7.1
Dodging        | 3 4 5 6 |  6.6
Conjurations   | 2 3 4 5 |  5.6
Spellcasting   | 4 5 6 7 |  7.3
Fire Magic     | 4 5 6 |  6.5

Action                     |  1- 3 |  4- 6 |  7- 9 || total
---------------------------+-------+-------+-------++-------
  Melee: Unarmed           |    28 |       |       ||    28
         Dagger            |     5 |     8 |     3 ||    16
         Spear             |       |    11 |    40 ||    51
         Punch             |       |       |     1 ||     1
   Cast: Foxfire           |   109 |   169 |   116 ||   394
         Scorch            |     7 |     7 |    35 ||    49
    Use: Scroll            |     2 |       |     7 ||     9
         Potion            |     1 |       |    10 ||    11
   Stab: Sleeping          |     1 |     2 |       ||     3
 Armour: Robe              |    26 |    14 |    54 ||    94
         Skin              |       |       |     1 ||     1
  Dodge: Dodged            |    46 |    13 |    64 ||   123
